PIO (24 & UNDER)
COLORADO COMMANDERS @ SASKATOON SMOKIN' GUNS
08/24/2024
 
TOP OF THE 1ST
Colorado Commanders batting - Pitching for Saskatoon Smokin' Guns : LHP Alfonso Quintero
Pitching: LHP Alfonso Quintero
Batting: RHB Emiel van Rhee 0-0: Ball
1-0: Swinging Strike
1-1: Foul Ball, location: 2F
1-2: Ball
2-2: Foul Ball, location: 2F
2-2: Strikes out swinging
Batting: RHB Arnold Harmon 0-0: Called Strike
0-1: Bunted foul
0-2: Ball
1-2: Fly out, F4 (Line Drive, 4)
Batting: LHB Gary Kern 0-0: Swinging Strike
0-1: Fly out, F8 (Flyball, 8RM)
Top of the 1st over - 0 run(s), 0 hit(s), 0 error(s), 0 left on base; Colorado 0 - Saskatoon 0
BOTTOM OF THE 1ST
Saskatoon Smokin' Guns batting - Pitching for Colorado Commanders : LHP Matt Parker
Pitching: LHP Matt Parker
Batting: RHB Chris Richards 0-0: Bunt for hit - play at first, batter OUT! 2-3
Batting: RHB César Rodríguez 0-0: Called Strike
0-1: Called Strike
0-2: Ball
1-2: Ground out 6-3 (Groundball, 6)
Batting: LHB José Liñares 0-0: Fly out, F2 (Popup, 2LF)
Bottom of the 1st over - 0 run(s), 0 hit(s), 0 error(s), 0 left on base; Colorado 0 - Saskatoon 0
TOP OF THE 2ND
Colorado Commanders batting - Pitching for Saskatoon Smokin' Guns : LHP Alfonso Quintero
Batting: LHB David Hernández 0-0: Ball
1-0: Swinging Strike
1-1: Ball
2-1: Called Strike
2-2: Strikes out swinging
Batting: RHB Lee Price 0-0: Foul Ball, location: 2F
0-1: Ball
1-1: Swinging Strike
1-2: Ball
2-2: Foul Ball, location: 2F
2-2: Ball
3-2: Strikes out looking
Batting: RHB Earnest Turner 0-0: Ball
1-0: Ball
2-0: SINGLE (Line Drive, 4D)
Batting: RHB Gerald Johnson 0-0: Ball
1-0: Ball
2-0: Called Strike
2-1: Swinging Strike
2-2: Ball
3-2: Foul Ball, location: 2F
3-2: Foul Ball, location: 2F
3-2: Strikes out swinging
Top of the 2nd over - 0 run(s), 1 hit(s), 0 error(s), 1 left on base; Colorado 0 - Saskatoon 0
BOTTOM OF THE 2ND
Saskatoon Smokin' Guns batting - Pitching for Colorado Commanders : LHP Matt Parker
Batting: RHB Eric Neal 0-0: Foul Ball, location: 2F
0-1: Ball
1-1: Ball
2-1: Fly out, F8 (Flyball, 8LM)
Batting: LHB Russell Peck 0-0: Ball
1-0: Swinging Strike
1-1: Ball
2-1: Foul Ball, location: 2F
2-2: Ball
3-2: Foul Ball, location: 2F
3-2: Strikes out looking
Batting: LHB Raúl Casillán 0-0: Ball
1-0: Ball
2-0: Ball
3-0: Base on Balls
Batting: LHB Bo Rush 0-0: Ball
1-0: Foul Ball, location: 2F
1-1: Ball
2-1: Ball
3-1: Base on Balls
Raúl Casillán to second
Batting: RHB Alvin Hampton 0-0: Ball
1-0: Fly out, F6 (Line Drive, 6)
Bottom of the 2nd over - 0 run(s), 0 hit(s), 0 error(s), 2 left on base; Colorado 0 - Saskatoon 0
TOP OF THE 3RD
Colorado Commanders batting - Pitching for Saskatoon Smokin' Guns : LHP Alfonso Quintero
Batting: RHB Ray Ervin 0-0: Ball
1-0: Swinging Strike
1-1: Called Strike
1-2: Foul Ball, location: 2F
1-2: Ball
2-2: Strikes out swinging
Batting: SHB Ángel Díaz 0-0: Ball
1-0: Fly out, F8 (Flyball, 8RS)
Batting: RHB Emiel van Rhee 0-0: Swinging Strike
0-1: Foul Ball, location: 2F
0-2: Strikes out swinging
Top of the 3rd over - 0 run(s), 0 hit(s), 0 error(s), 0 left on base; Colorado 0 - Saskatoon 0
BOTTOM OF THE 3RD
Saskatoon Smokin' Guns batting - Pitching for Colorado Commanders : LHP Matt Parker
Batting: RHB Jason O'Toole 0-0: Called Strike
0-1: Ball
1-1: DOUBLE (Line Drive, 7LS)
Batting: RHB Chris Richards 0-0: Ball
1-0: Ball
2-0: Ball
3-0: Called Strike
3-1: Ground out 5-3 (Groundball, 56)
Batting: RHB César Rodríguez 0-0: Ball
1-0: SINGLE (Line Drive, 8LS)
Jason O'Toole to third
Runner from 3rd tries for Home, SAFE, no throw or cutoff
Batting: LHB José Liñares 0-0: Ball
1-0: Fly out, F6 (Popup, 6MD)
Batting: RHB Eric Neal 0-0: Swinging Strike
0-1: Ball
1-1: Fielders Choice at 2nd, U6 (Groundball, 6M)
Bottom of the 3rd over - 1 run(s), 2 hit(s), 0 error(s), 1 left on base; Colorado 0 - Saskatoon 1
TOP OF THE 4TH
Colorado Commanders batting - Pitching for Saskatoon Smokin' Guns : LHP Alfonso Quintero
Batting: RHB Arnold Harmon 0-0: Foul Ball, location: 2F
0-1: Fly out, F4 (Popup, 4MD)
Batting: LHB Gary Kern 0-0: Foul Ball, location: 2F
0-1: Ball
1-1: Foul Ball, location: 2F
1-2: Foul Ball, location: 2F
1-2: Strikes out looking
Batting: LHB David Hernández 0-0: Called Strike
0-1: Ball
1-1: Called Strike
1-2: Foul Ball, location: 2F
1-2: Strikes out swinging
Top of the 4th over - 0 run(s), 0 hit(s), 0 error(s), 0 left on base; Colorado 0 - Saskatoon 1
BOTTOM OF THE 4TH
Saskatoon Smokin' Guns batting - Pitching for Colorado Commanders : LHP Matt Parker
Batting: LHB Russell Peck 0-0: Ball
1-0: Ball
2-0: Called Strike
2-1: Foul Ball, location: 2F
2-2: Strikes out swinging
Batting: LHB Raúl Casillán 0-0: Ground out 4-3 (Groundball, 4M)
Batting: LHB Bo Rush 0-0: Called Strike
0-1: Ball
1-1: Called Strike
1-2: Strikes out swinging
Bottom of the 4th over - 0 run(s), 0 hit(s), 0 error(s), 0 left on base; Colorado 0 - Saskatoon 1
TOP OF THE 5TH
Colorado Commanders batting - Pitching for Saskatoon Smokin' Guns : LHP Alfonso Quintero
Batting: RHB Lee Price 0-0: Called Strike
0-1: Ball
1-1: Ground out 1-3 (Groundball, 13)
Batting: RHB Earnest Turner 0-0: Swinging Strike
0-1: Ball
1-1: Foul Ball, location: 2F
1-2: Strikes out swinging
Batting: RHB Gerald Johnson 0-0: Swinging Strike
0-1: Foul Ball, location: 2F
0-2: Ball
1-2: Strikes out looking
Top of the 5th over - 0 run(s), 0 hit(s), 0 error(s), 0 left on base; Colorado 0 - Saskatoon 1
BOTTOM OF THE 5TH
Saskatoon Smokin' Guns batting - Pitching for Colorado Commanders : LHP Matt Parker
Batting: RHB Alvin Hampton 0-0: Called Strike
0-1: Foul Ball, location: 2F
0-2: Ball
1-2: Ball
2-2: SINGLE (Groundball, 5D)
Batting: RHB Jason O'Toole 0-0: Called Strike
0-1: Ball
1-1: Foul Ball, location: 2F
1-2: TRIPLE (Flyball, 8RM)
Alvin Hampton scores
Batting: RHB Chris Richards 0-0: Ball
1-0: Fly out, F3 (Popup, 34S)
Batting: RHB César Rodríguez 0-0: Intentional Walk
Batting: LHB José Liñares 0-0: Foul Ball, location: 2F
0-1: Ball
Wild Pitch!
Jason O'Toole scores
César Rodríguez to second
1-1: Called Strike
1-2: Strikes out swinging
Batting: RHB Eric Neal 0-0: Swinging Strike
0-1: Ball
1-1: Ball
2-1: Ground out 4-3 (Groundball, 4)
Bottom of the 5th over - 2 run(s), 2 hit(s), 0 error(s), 1 left on base; Colorado 0 - Saskatoon 3
TOP OF THE 6TH
Colorado Commanders batting - Pitching for Saskatoon Smokin' Guns : LHP Alfonso Quintero
Batting: RHB Ray Ervin 0-0: Foul Ball, location: 2F
0-1: Ball
1-1: Fly out, F9 (Flyball, 9M)
Batting: SHB Ángel Díaz 0-0: Foul Ball, location: 2F
0-1: Foul Ball, location: 2F
0-2: Ball
1-2: Strikes out swinging
Batting: RHB Emiel van Rhee 0-0: Ball
1-0: Foul Ball, location: 2F
1-1: Ball
2-1: Fly out, F8 (Flyball, 8RM)
Top of the 6th over - 0 run(s), 0 hit(s), 0 error(s), 0 left on base; Colorado 0 - Saskatoon 3
BOTTOM OF THE 6TH
Saskatoon Smokin' Guns batting - Pitching for Colorado Commanders : LHP Matt Parker
Batting: LHB Russell Peck 0-0: Ground out 5-3 (Groundball, 56S)
Batting: LHB Raúl Casillán 0-0: Called Strike
0-1: Ball
1-1: Ball
2-1: Fly out, F7 (Flyball, 7LMF)
Batting: LHB Bo Rush 0-0: Foul Ball, location: 2F
0-1: Foul Ball, location: 2F
0-2: Strikes out swinging
Bottom of the 6th over - 0 run(s), 0 hit(s), 0 error(s), 0 left on base; Colorado 0 - Saskatoon 3
TOP OF THE 7TH
Colorado Commanders batting - Pitching for Saskatoon Smokin' Guns : LHP Alfonso Quintero
Batting: RHB Arnold Harmon 0-0: Ground out 4-3 (Groundball, 34)
Batting: LHB Gary Kern 0-0: Ball
1-0: SINGLE (Groundball, 34D)
Pitching: LHP Dawson Sutton
Batting: LHB David Hernández 0-0: Grounds into double play, U4-3 (Groundball, 4M)
Top of the 7th over - 0 run(s), 1 hit(s), 0 error(s), 0 left on base; Colorado 0 - Saskatoon 3
BOTTOM OF THE 7TH
Saskatoon Smokin' Guns batting - Pitching for Colorado Commanders : LHP Matt Parker
Batting: RHB Alvin Hampton 0-0: Foul Ball, location: 2F
Reached via error on a dropped throw, E3
Pitching: RHP Larry Jenkins
Batting: RHB Jason O'Toole 0-0: Ball
1-0: Reached on error, E5 (Groundball, 5)
Alvin Hampton to second
Batting: RHB Chris Richards 0-0: Bunted foul
0-1: Ball
1-1: Bunted foul
1-2: Ball
2-2: SINGLE (Line Drive, 8RS)
Alvin Hampton to third
Jason O'Toole to second
Batting: RHB César Rodríguez 0-0: Called Strike
0-1: Called Strike
0-2: Foul Ball, location: 2F
0-2: Fly out, F6 (Popup, 8LS)
Batting: LHB José Liñares 0-0: Swinging Strike
0-1: Fly out, F9 (Flyball, 89XD)
Runner from 3rd tags up, SCORES, no throw
Jason O'Toole to third
Batting: RHB Eric Neal 0-0: Foul Ball, location: 2F
0-1: Called Strike
0-2: Ball
1-2: Ball
2-2: Foul Ball, location: 2F
2-2: Ball
Passed Ball!
Jason O'Toole scores
Chris Richards to second
3-2: Base on Balls
Batting: LHB Russell Peck 0-0: Called Strike
0-1: Fly out, F8 (Flyball, 8LXD)
Bottom of the 7th over - 2 run(s), 1 hit(s), 2 error(s), 2 left on base; Colorado 0 - Saskatoon 5
TOP OF THE 8TH
Colorado Commanders batting - Pitching for Saskatoon Smokin' Guns : LHP Dawson Sutton
Batting: RHB Lee Price 0-0: Ball
1-0: Foul Ball, location: 2F
1-1: Ball
2-1: Ground out 6-3 (Groundball, 6)
Batting: RHB Earnest Turner 0-0: Ball
1-0: Called Strike
1-1: Ball
2-1: Ball
3-1: Foul Ball, location: 2F
3-2: Foul Ball, location: 2F
3-2: Ground out 6-3 (Groundball, 6)
Batting: RHB Gerald Johnson 0-0: Ball
1-0: Ball
2-0: Foul Ball, location: 2F
2-1: Ball
3-1: Base on Balls
Batting: RHB Ray Ervin 0-0: Ball
Wild Pitch!
Gerald Johnson to second
1-0: Ball
2-0: Fly out, F3 (Popup, 3F)
Top of the 8th over - 0 run(s), 0 hit(s), 0 error(s), 1 left on base; Colorado 0 - Saskatoon 5
BOTTOM OF THE 8TH
Saskatoon Smokin' Guns batting - Pitching for Colorado Commanders : RHP Larry Jenkins
Batting: LHB Raúl Casillán 0-0: Ball
1-0: Ball
2-0: SINGLE (Line Drive, 7S)
Batting: LHB Bo Rush 0-0: Ball
1-0: Ball
2-0: Called Strike
2-1: Fly out, F7 (Flyball, 7M)
Batting: RHB Alvin Hampton 0-0: Fly out, F6 (Popup, 6S)
Batting: RHB Jason O'Toole 0-0: Called Strike
Raúl Casillán steals 2nd base
0-1: Ball
1-1: Ball
2-1: Ball
3-1: SINGLE (Groundball, 6MD) (infield hit)
Raúl Casillán to third
Batting: RHB Chris Richards 0-0: Fly out, F8 (Flyball, 8RS)
Bottom of the 8th over - 0 run(s), 2 hit(s), 0 error(s), 2 left on base; Colorado 0 - Saskatoon 5
TOP OF THE 9TH
Colorado Commanders batting - Pitching for Saskatoon Smokin' Guns : LHP Dawson Sutton
Batting: SHB Ángel Díaz 0-0: Ball
1-0: Foul Ball, location: 2F
1-1: Ball
2-1: Foul Ball, location: 2F
2-2: Foul Ball, location: 2F
2-2: Fly out, F9 (Flyball, 9M)
Batting: RHB Emiel van Rhee 0-0: Called Strike
0-1: Ball
1-1: SINGLE (Flyball, 8LS)
Batting: RHB Arnold Harmon 0-0: Called Strike
0-1: Ball
1-1: Called Strike
1-2: Strikes out swinging
Batting: LHB Gary Kern 0-0: Called Strike
0-1: Called Strike
0-2: Strikes out looking
Top of the 9th over - 0 run(s), 1 hit(s), 0 error(s), 1 left on base; Colorado 0 - Saskatoon 5
This league is powered by Out of the Park Baseball, the baseball management simulation game for PC, Mac and Linux
Saturday, April 9th, 2016 - OOTP Baseball 16.8 Build 38